 Dungeon Crawl Stone Soup version 0.28-a0-850-g09de17f5b5 (webtiles) character file.

Game seed: 1732581725571498114

135 vurker the Skirmisher (level 4, 0/37 HPs)
             Began as a Palentonga Enchanter on Nov 13, 2021.
             Was a High Priest of Ignis.
             Slain by a gnoll (9 damage)
             ... on level 3 of the Dungeon.
             The game lasted 00:05:49 (3943 turns).

vurker the Skirmisher (Palentonga Enchanter)        Turns: 3943, Time: 00:05:49

Health: 0/37       AC:  5    Str: 12    XL:     4   Next: 96%
Magic:  7/7        EV:  8    Int: 16    God:    Ignis [*****.]
Gold:   76         SH:  0    Dex: 10    Spells: 7/7 levels left

rFire   + . .      SeeInvis +   a - +1 dagger
rCold   . . .      Faith    .   (no shield)
rNeg    . . .      Spirit   .   e - +0 ring mail
rPois   .          Reflect  .   (no helmet)
rElec   .          Harm     .   (no cloak)
rCorr   .          Rampage  .   (no gloves)
Will    .....                   (no barding)
Stlth   +.........              (no amulet)
HPRegen 0.12/turn               (no ring)
MPRegen 0.10/turn               (no ring)

@: no status effects
A: large, rugged brown scales 3, see invisible, deformed body, roll 1, armoured
tail
a: Rolling Charge, Renounce Religion, Sea of Fire, Foxfire Swarm, Rising Flame


You were on level 3 of the Dungeon.
You worshipped Ignis.
Ignis was extremely pleased with you.
You visited 1 branch of the dungeon, and saw 3 of its levels.

You collected 76 gold pieces.

Inventory:

Hand Weapons
 a - a +1 dagger (weapon)
Armour
 e - a +0 ring mail (worn)
   (You found it on level 1 of the Dungeon)
 p - a +0 helmet
   (You found it on level 2 of the Dungeon)
Scrolls
 b - a scroll of immolation {unknown}
 d - a scroll of fear {unknown}
 g - a scroll of fog {unknown}
 i - a scroll of holy word {unknown}
 n - a scroll of identify {unknown}
 q - a scroll of blinking {unknown}
Potions
 c - a potion of invisibility
 f - a potion of berserk rage {unknown}
 h - a potion of mutation {unknown}
 j - a potion of lignification {unknown}
 k - a potion of degeneration {unknown}
 l - a potion of resistance {unknown}
 m - a potion of flight {unknown}
 o - 2 potions of curing {unknown}


   Skills:
 * Level 3.2 Fighting
 - Level 1.0 Short Blades
 + Level 1.5 Armour
 + Level 2.5 Dodging
 - Level 2.0 Stealth
 - Level 2.0 Spellcasting
 - Level 3.0 Hexes


You had 7 spell levels left.
You didn't know any spells.
Your spell library contained the following spells:

 Spells                   Type           Power      Damage    Failure   Level
 Ensorcelled Hibernation  Hex/Ice        12%        N/A       36%         2
 Confusing Touch          Hex            11%        N/A       36%         3
 Tukima's Dance           Hex            11%        N/A       36%         3
 Beastly Appendage        Tmut           2%         N/A       41%         1
 Sublimation of Blood     Necr           1%         N/A       56%         2
 Wereblood                Tmut           1%         N/A       56%         2
 Dazzling Flash           Conj/Hex       12%        N/A       58%         3
 Spider Form              Tmut/Pois      1%         N/A       80%         3
 Summon Hydra             Summ           0%         N/A       100%        7


Dungeon Overview and Level Annotations

Branches:
Dungeon (3/15)

Altars:
Ignis


Innate Abilities, Weirdness & Mutations

You are completely covered in rugged brown scales. (AC +3, +7% HP)
You have supernaturally acute eyesight. (SInv)
Armour fits poorly on your strangely shaped body.
You can roll at nearby foes to attack.
You have a long armoured tail.


Message History

No target in view!
No target in view!
You feel sick.
You feel sick.
You feel sick.
You feel sick.
You feel sick.
You are no longer poisoned.
A hobgoblin comes into view.
Found 8 arrows.
The hobgoblin shouts!
A hobgoblin is nearby!
The hobgoblin hits you but does no damage.
You hit the hobgoblin.
The hobgoblin hits you but does no damage.
You hit the hobgoblin. The hobgoblin barely misses you.
You barely miss the hobgoblin.
The hobgoblin hits you but does no damage.
You hit the hobgoblin but do no damage.
The hobgoblin hits you but does no damage.
You hit the hobgoblin.
You kill the hobgoblin!
No target in view!
No target in view!
No target in view!
No target in view!
No target in view!
No target in view!
No target in view!
You open the door. 3 gnolls come into view.
The gnoll shouts! x3; You hear a shout!
A kobold comes into view. It is wielding a +0 dagger.
Found 10 gold pieces.
A bat comes into view.
You closely miss the bat. The bat hits you but does no damage.
You closely miss the gnoll. The gnoll barely misses you.
You hit the gnoll but do no damage. The gnoll hits you with a +0 flail.
You closely miss the gnoll. The gnoll closely misses you.
You hit the gnoll.
Your tail-slap misses the gnoll.
The gnoll barely misses you.
You barely miss the gnoll. The gnoll hits you with a +0 flail!
You hit the gnoll. The gnoll hits you with a +0 flail.
You hit the gnoll. The gnoll hits you but does no damage.
You hit the gnoll. The gnoll completely misses you.
You hit the gnoll. The gnoll barely misses you.
You closely miss the gnoll. The gnoll hits you with a +0 flail!
* * * LOW HITPOINT WARNING * * *
Flames leap up around you! The gnoll hits you with a +0 flail!
You die...

### ... #### #.# ..... #v#
.....K##v###########
....gbg@vv.........#
..$..g##v#########.#
#####.##vv.........#
#......#......###..#
#......#####..###..##.#
#......#####..........#
#...รท...#.....##..##### #
#.##.......#.....#...# #
#.###.##.......#....##...#


You could see 3 gnolls, a bat and a kobold.

Vanquished Creatures
  Jessica (D:3)
  3 adders
  A gnoll (D:3)
  A worm (D:2)
  5 dart slugs
  4 ball pythons
  4 endoplasms (D:1)
  3 giant cockroaches
  5 goblins
  4 hobgoblins
  7 jackals (D:1)
  4 quokkas
  2 bats
  3 frilled lizards
  8 kobolds
  4 rats
59 creatures vanquished.

Notes
Turn   | Place    | Note
-------+----------+-------------------------------------------
     0 | D:1      | vurker the Palentonga Enchanter began the quest for the
                  | Orb.
     0 | D:1      | Reached XP level 1. HP: 13/13 MP: 3/3
   278 | D:1      | Reached skill level 1 in Fighting
   279 | D:1      | Reached XP level 2. HP: 10/22 MP: 5/5
  1174 | D:1      | Reached XP level 3. HP: 28/28 MP: 6/6
  1389 | D:1      | Reached skill level 1 in Armour
  2641 | D:2      | Reached XP level 4. HP: 34/36 MP: 7/7
  3102 | D:2      | Found a faded altar of an unknown god.
  3138 | D:2      | Prayed at the altar of an unknown god.
  3138 | D:2      | Became a worshipper of Ignis, the Dying Flame
  3536 | D:3      | Noticed Jessica
  3546 | D:3      | Killed Jessica
  3943 | D:3      | Slain by a gnoll

Illustrated notes

Levels and vault maps discovered:
D:1:      dpeg_arrival_rooms_a, layout_loops_ring, grunt_decor_one_mirror,
          minmay_misc_feat_plants, chequers_serial_rivers_micro_b,
          chequers_serial_rivers_large_b, minivault_11, minmay_pentomino_z2
D:2:      minmay_chambers_of_ones, layout_loops_cross,
          ebering_ecumenical_altar_hall
D:3:      layout_basic, mainiacjoe_overflow_concentric_impassable, uniq_jessica

Skill      XL: |  1  2  3  4 |
---------------+-------------+-----
Fighting       | 1 2 3 |  3.2
Dodging        | 2 |  2.5
Armour         | 1 |  1.5
Short Blades   | |  1.0
Stealth        | |  2.0
Spellcasting   | |  2.0
Hexes          | |  3.0

Action                   |  1- 3 |  4- 6 || total
-------------------------+-------+-------++-------
Melee: Dagger            |   188 |    74 ||   262
       Tailslap          |    24 |     6 ||    30
Invok: Foxfire Swarm     |       |     1 ||     1
 Stab: Sleeping          |     1 |     1 ||     2
Armor: Robe              |    23 |       ||    23
       Ring mail         |    53 |    25 ||    78
Dodge: Dodged            |    76 |    32 ||   108

Table legend: (Time is in decaauts)
 A = Elapsed time spent in this place.
 B = Non-inter-level travel time spent in this place.
 C = Inter-level travel time spent in this place.
 D = Time resting spent in this place.
 E = Time spent auto-exploring this place.
 F = Levels seen in this place.
 G = Mean time per level.
                   A        B        C        D        E       F      G
               +--------+--------+--------+--------+--------+-----+--------+
         Total |   3972 |   3876 |     96 |    312 |   2914 |   3 | 1324.0 |
       Dungeon |   3972 |   3876 |     96 |    312 |   2914 |   3 | 1324.0 |
               +--------+--------+--------+--------+--------+-----+--------+

Top non-repeatable levels by time:
     D:1: 2178 daAuts
     D:2: 1171 daAuts
     D:3: 621 daAuts
